 Dungeon Crawl Stone Soup version 0.27.0-1-g7a089689b8 (webtiles) character file.

Game seed: 11124927080514538609

2 MajorAdolf the Poker (level 1, 0/19 HPs)
             Began as a Naga Wanderer on Aug 9, 2021.
             Slain by a kobold (5 damage)
             ... on level 1 of the Dungeon.
             The game lasted 00:00:13 (42 turns).

MajorAdolf the Poker (Naga Wanderer)                  Turns: 42, Time: 00:00:13

Health: 0/19       AC:  1    Str: 15    XL:     1   Next: 40%
Magic:  1/1        EV:  9    Int: 13    God:
Gold:   0          SH:  0    Dex:  8    Spells: 0/0 levels left

rFire    . . .     SeeInvis +   a - +2 spear
rCold    . . .     Faith    .   (no shield)
rNeg     . . .     Spirit   .   d - +0 robe
rPois    +         Reflect  .   (no helmet)
rElec    .         Harm     .   (no cloak)
rCorr    .         Rampage  .   (no gloves)
Will     .....                  (no barding)
Stlth    ++........             (no amulet)
HPRegen  0.06/turn              (no ring)
MPRegen  0.07/turn              (no ring)

@: short of breath, very slow
A: AC +0, large, see invisible, deformed body, poison resistance, slowness 2,
spit poison 1, naga tail 1
a: Spit Poison


You were on level 1 of the Dungeon.
You visited 1 branch of the dungeon, and saw 1 of its levels.

Inventory:

Hand Weapons
 a - a +2 spear (weapon)
 e - a +0 dagger
Armour
 d - a +0 robe (worn)
Scrolls
 b - a scroll of teleportation
Potions
 c - a potion of curing


   Skills:
 - Level 2.0 Fighting
 + Level 4.1 Polearms
 - Level 1.0 Throwing
 - Level 1.0 Armour
 - Level 3.0 Stealth


You couldn't memorise any spells.
You didn't know any spells.
Your spell library was empty.

Dungeon Overview and Level Annotations

Branches:
Dungeon (1/15)

Altars:


Innate Abilities, Weirdness & Mutations

Your serpentine skin is tough. (AC +0)
You have supernaturally acute eyesight. (SInv)
Armour fits poorly on your strangely shaped body.
Your system is resistant to poisons. (rPois)
You cover ground very slowly.
You can spit poison.
You have a snake-like lower body.


Message History

There is an open door here. 2 goblins come into view.
Found a club.
You reach to attack!
The helpless goblin fails to defend itself.
You hit the goblin.
The goblin is heavily wounded.
The goblin shouts!
You hear a shout!
You closely miss the goblin.
The goblin is heavily wounded.
A kobold comes into view. It is wielding a +0 whip.
The goblin hits you with a +0 dagger.
Unknown command.
The goblin hits you with a +0 dagger.
There is an open door here.
You hit the goblin but do no damage.
The goblin is heavily wounded.
The goblin hits you with a +0 dagger.
You hit the goblin.
You kill the goblin!
You hit the goblin but do no damage.
A ball python comes into view.
The goblin hits you with a +0 dagger.
You closely miss the goblin.
The ball python hisses angrily.
The goblin hits you with a +0 dagger.
Press: ? - help, Shift-Dir - straight line, f - goblin
Aim: a goblin, wielding a +0 dagger The splash of poison hits the goblin.
The goblin is poisoned.
The goblin is heavily wounded.
The goblin hits you with a +0 dagger.
* * * LOW HITPOINT WARNING * * *
Unknown command.
You hit the goblin.
You kill the goblin!
You closely miss the kobold. The kobold closely misses you.
You hit the kobold.
The kobold is heavily wounded.
The kobold hits you with a +0 whip.
You die...

#....# ###^...## #........
....... #+## ...... ##...##
#...# ##.....## ##...#
##.......##
###....###.........### ##
).......SK@.........#.. ..
####...####.........#.###..
##.. ##.......##.#.... ....
##.....###.#.⌠.. #.###
##...###......# #.
##.....(...### .
#.####......# #.# ##.#.⌠..
... #.#....


You could see a ball python and a kobold.

Vanquished Creatures
  2 goblins (D:1)
2 creatures vanquished.

Notes
Turn   | Place    | Note
-------+----------+-------------------------------------------
     0 | D:1      | MajorAdolf the Naga Wanderer began the quest for the Orb.
     0 | D:1      | MajorAdolf set off with the following items: a +2 spear, a
                  | scroll of teleportation, a potion of curing, a +0 robe, a
                  | +0 dagger
     0 | D:1      | Reached XP level 1. HP: 19/19 MP: 1/1
    42 | D:1      | Slain by a kobold

Illustrated notes

Levels and vault maps discovered:
D:1:      dpeg_arrival_court, layout_loops_corners,
          dreamdust_ecumenical_altar_grove, minmay_lizard_king

Action                   || total
-------------------------++-------
Melee: Spear             ||     9
 Abil: Spit Poison       ||     1
 Stab: Sleeping          ||     1
Dodge: Dodged            ||     1
